 Dungeon Crawl Stone Soup version 0.30-a0-596-g0af90f9a20 (webtiles) character file.

Game seed: 15603515705797971555

54 spardeous the Ducker (level 3, -5/14 HPs)
             Began as a Felid Earth Elementalist on Jan 7, 2023.
             Killed from afar by a white imp (9 damage)
             ... with a puff of frost
             ... on level 4 of the Dungeon.
             The game lasted 00:02:45 (1272 turns).

spardeous the Ducker (Felid Earth Elementalist)     Turns: 1272, Time: 00:02:45

Health: -5/14      AC:  1    Str:  4    XL:     3   Next: 66%
Magic:  5/8        EV: 18    Int: 18    God:
Gold:   87         SH:  0    Dex: 16    Spells: 7/8 levels left
                                        Lives:  0   Deaths: 1

rFire   . . .      SeeInvis +    (weapon unavailable)
rCold   . . .      Faith    .    (shield unavailable)
rNeg    . . .      Spirit   .    (body armour unavailable)
rPois   .          Reflect  .    (helmet unavailable)
rElec   .          Harm     .    (cloak unavailable)
rCorr   .          Rampage  .    (gloves unavailable)
Will    .....                    (boots unavailable)
Stlth   ++                       (no amulet)
HPRegen 0.22/turn                (no ring)
MPRegen 0.11/turn                (no ring)

@: quick
A: very small, claws 1, fangs 3, see invisible, speed 1, shaggy fur 1, stealthy
paws, no weapons or thrown items, no armour, multi-lived
a: no special abilities


You were on level 4 of the Dungeon.
You visited 1 branch of the dungeon, and saw 4 of its levels.

You collected 87 gold pieces.

Inventory:

Wands
 j - a wand of paralysis (6)
Scrolls
 c - 2 scrolls of teleportation {unknown}
 f - a scroll of poison {unknown}
 h - a scroll of blinking {unknown}
 i - a scroll of noise {unknown}
 l - a scroll of vulnerability {unknown}
 m - a scroll of enchant armour {unknown}
Potions
 a - a potion of magic
 b - 2 potions of attraction {unknown}
 d - a potion of ambrosia {unknown}
 e - a potion of mutation {unknown}
 g - 2 potions of invisibility {unknown}
 k - a potion of brilliance {unknown}
 n - a potion of haste {unknown}


   Skills:
 + Level 4.3 Dodging
 - Level 2.6 Stealth
 + Level 3.0 Spellcasting
 - Level 1.1 Transmutations
 + Level 3.6 Earth Magic


You had 7 spell levels left.
You knew the following spells:

 Your Spells              Type           Power      Damage    Failure   Level
a - Sandblast             Erth           30%        2d9       3%          1

Your spell library contained the following spells:

 Spells                   Type           Power      Damage    Failure   Level
 Passwall                 Tmut/Erth      9%         N/A       10%         2
 Foxfire                  Conj/Fire      8%         2x1d4     16%         1
 Blink                    Tloc           4%         N/A       24%         2
 Momentum Strike          Conj/Tloc      4%         3d8       24%         2
 Stone Arrow              Conj/Erth      18%        3d8       24%         3
 Gell's Gravitas          Tloc           2%         N/A       43%         3
 Lesser Beckoning         Tloc           4%         N/A       43%         3
 Teleport Other           Tloc           2%         N/A       43%         3
 Petrify                  Tmut/Erth      11%        N/A       52%         4
 Fireball                 Conj/Fire      1%         3d3       99%         5
 Starburst                Conj/Fire      1%         6d3       100%        6


Dungeon Overview and Level Annotations

Branches:
Dungeon (4/15)             Temple (0/1) D:4

Altars:

Annotations:
D:3 Robin
D:4 1 runed translucent door, yumyumyeen's ghost, novice DjCA


Innate Abilities, Weirdness & Mutations

You have sharp claws.
You have razor-sharp teeth.
You have supernaturally acute eyesight. (SInv)
You cover ground quickly. (Speed+)
You are covered in fur. (AC +1)
Your paws help you pounce on unaware monsters.
You are incapable of wielding weapons or throwing items.
You cannot wear armour.
You gain extra lives every three experience levels.


Message History

You start resting.
A white imp is nearby!
You start resting.
Magic restored.
You start resting.
HP restored.
No reachable target in view!
No reachable target in view!
The white imp gestures at you. The puff of frost misses you.
Casting: Sandblast (safe; 3% risk of failure)
Confirm with . or Enter, or press ? or * to list all spells.
Aiming: Sandblast (safe; 3% risk of failure)
Press: ? - help, Shift-Dir - straight line, f - white imp
Aim: a white imp (water, 82% to hit)
The blast of sand hits the white imp.
The white imp is heavily wounded.
The white imp gestures at you. The puff of frost hits you!
Ouch! That really hurt!
* * * LOW HITPOINT WARNING * * *
Casting: Sandblast (safe; 3% risk of failure)
Confirm with . or Enter, or press ? or * to list all spells.
Aiming: Sandblast (safe; 3% risk of failure)
Press: ? - help, Shift-Dir - straight line, f/p - white imp
Aim: a white imp (water, heavily wounded, 82% to hit)
The blast of sand hits the white imp but does no damage.
The white imp is heavily wounded.
The white imp barely misses you.
Casting: Sandblast (safe; 3% risk of failure)
Confirm with . or Enter, or press ? or * to list all spells.
Aiming: Sandblast (safe; 3% risk of failure)
Press: ? - help, Shift-Dir - straight line, f/p - white imp
Aim: a white imp (water, heavily wounded, 82% to hit)
The blast of sand hits the white imp but does no damage.
The white imp is heavily wounded.
The white imp completely misses you. The white imp gestures at you.
The puff of frost hits you!
Ouch! That really hurt!
You die...

....5..................
.≈≈...............#.###.
≈.≈≈≈≈.............#.###.
≈≈.≈≈≈≈≈≈.................
≈≈.≈≈≈≈≈≈≈..#####.##P.♣♣#.
≈...≈≈≈≈≈≈...# #.##PPP...
≈.>.≈≈≈≈≈≈.#.####.##..P...
≈...≈≈≈≈5≈.#.#......PPP♣..
≈≈≈≈≈≈≈≈≈@.#.#............
≈≈≈≈≈≈≈......#.......###.#
≈≈≈≈≈......#.#.......# #..
............##.......# ###
#####....#.###.......# #
#####.## #.......# # #.#
######### # ####.#### #
#.......# #


You could see a white imp.

Vanquished Creatures
  3 adders
  3 gnolls (D:4)
  An ufetubus (D:4)
  2 dart slugs (D:1)
  2 orcs
  2 bats
  A bat zombie (D:2)
  5 endoplasms
  2 giant cockroaches
  3 goblins
  4 hobgoblins
  2 jackals (D:2)
  4 kobolds
  A quokka (D:4)
  2 ball pythons
  A ball python skeleton (D:2)
  2 rats (D:2)
40 creatures vanquished.

Notes
Turn   | Place    | Note
-------+----------+-------------------------------------------
     0 | D:1      | spardeous the Felid Earth Elementalist began the quest for
                  | the Orb.
     0 | D:1      | Reached XP level 1. HP: 7/7 MP: 4/4
    53 | D:1      | Reached skill level 3 in Dodging
    59 | D:1      | Reached XP level 2. HP: 11/11 MP: 0/6
   486 | D:2      | Reached XP level 3. HP: 8/14 MP: 0/7
   757 | D:3      | Identified the +5 ring mail of the Seven Beds {Contam
                  | Will+++ Str-3 Int+4}
   757 | D:3      | Noticed Robin
   879 | D:4      | Reached XP level 4. HP: 18/18 MP: 5/9
   959 | D:4      | Reached skill level 4 in Dodging
  1143 | D:4      | Found a runed translucent door.
  1143 | D:4      | Noticed yumyumyeen's ghost (novice DjCA)
  1152 | D:4      | Killed from afar by a white imp
  1153 | D:4      | Reached XP level 3. HP: -1/14 MP: 7/8
  1230 | D:4      | Found a staircase to the Ecumenical Temple.
  1272 | D:4      | Killed from afar by a white imp

Illustrated notes

Levels and vault maps discovered:
D:1:      matt_arrival_debris, layout_loops_corners, serial_shops, shop
D:2:      layout_rooms, basic_altar, serial_undead, serial_undead_b,
          serial_undead_b, serial_undead_c, serial_undead_d,
          hellmonk_ecumenical_altar_slurped_away, uniq_jessica
D:3:      layout_rooms, nicolae_ru_the_path_less_chosen, nrook_loot_triangle,
          uniq_robin
D:4:      minmay_skewed_foursquare, layout_loops_cross, temple_pool_b,
          hellmonk_ghost_happy_afterlife, serial_demonic, serial_demonic_d,
          serial_demonic_c, serial_demonic_d, serial_demonic_a

Skill      XL: |  1  2  3  4 |
---------------+-------------+-----
Dodging        | 3 4 |  4.3
Earth Magic    | 3 |  3.6
Spellcasting   | 3 |  3.0
Stealth        | |  2.6
Transmutations | |  1.1

Action                   |  1- 3 |  4- 6 || total
-------------------------+-------+-------++-------
Melee: Unarmed           |     6 |     1 ||     7
       Bite              |     2 |       ||     2
 Cast: Sandblast         |    52 |    16 ||    68
 Stab: Distracted        |     1 |       ||     1
Dodge: Dodged            |    35 |     8 ||    43

Table legend: (Time is in decaauts)
 A = Elapsed time spent in this place.
 B = Non-inter-level travel time spent in this place.
 C = Inter-level travel time spent in this place.
 D = Time resting spent in this place.
 E = Time spent auto-exploring this place.
 F = Levels seen in this place.
 G = Mean time per level.
                   A        B        C        D        E       F      G
               +--------+--------+--------+--------+--------+-----+--------+
         Total |   1174 |   1154 |     20 |     59 |    787 |   4 |  293.5 |
       Dungeon |   1174 |   1154 |     20 |     59 |    787 |   4 |  293.5 |
               +--------+--------+--------+--------+--------+-----+--------+

Top non-repeatable levels by time:
     D:4: 445 daAuts
     D:2: 313 daAuts
     D:1: 309 daAuts
     D:3: 105 daAuts
